 Dungeon Crawl Stone Soup version 0.30.0-29-ga12c61a403 (webtiles) character file.

Game seed: 8810194939447368008

107 Kranky the Poker (level 4, -5/41 HPs)
             Began as a Minotaur Berserker on June 14, 2023.
             Was a Believer of Trog.
             Killed from afar by Sigmund (7 damage)
             ... with a magic dart
             ... on level 3 of the Dungeon.
             The game lasted 00:03:31 (2347 turns).

Kranky the Poker (Minotaur Berserker)               Turns: 2347, Time: 00:03:32

Health: -5/41      AC: 10    Str: 24    XL:     4   Next: 57%
Magic:  3/3        EV:  7    Int:  4    God:    Trog [**....]
Gold:   120        SH:  9    Dex:  9    Spells: 3/3 levels left

rFire   . . .        a - +0 spear
rCold   . . .        q - +0 tower shield
rNeg    . . .        g - +0 scale mail
rPois   .            (helmet restricted)
rElec   .            i - +0 cloak
rCorr   .            (no gloves)
SInv    .            v - +1 pair of boots
Will    .....        (no amulet) Stlth
                     (no ring)
HPRegen 0.26/turn    (no ring)
MPRegen 0.08/turn

%: no passive effects
@: no status effects
A: horns 2, retaliatory headbutt
a: Renounce Religion, Berserk, Trog's Hand


You were on level 3 of the Dungeon.
You worshipped Trog.
Trog was pleased with you.
You visited 1 branch of the dungeon, and saw 3 of its levels.

You collected 120 gold pieces.

Inventory:

Hand Weapons
 a - a +0 spear (weapon)
Missiles
 t - 3 poisoned darts (quivered)
Armour
 b - a +0 animal skin
 g - a +0 scale mail (worn)
 i - a +0 cloak (worn)
 q - a +0 tower shield (worn)
 v - a +1 pair of boots (worn)
Wands
 u - a wand of flame (2)
Scrolls
 c - 5 scrolls of identify {unknown}
 d - a scroll of magic mapping {unknown}
 j - 2 scrolls of teleportation {unknown}
 m - a scroll of enchant weapon {unknown}
 p - a scroll of enchant armour {unknown}
 r - a scroll of fear {unknown}
Potions
 e - a potion of brilliance {unknown}
 f - a potion of flight {unknown}
 h - a potion of curing {unknown}
 k - 2 potions of attraction {unknown}
 l - a potion of ambrosia {unknown}
 n - a potion of heal wounds {unknown}
 o - a potion of mutation {unknown}
 s - a potion of might {unknown}


   Skills:
 + Level 4.5 Fighting
 + Level 4.5 Polearms
 + Level 3.5 Armour
 + Level 3.1 Dodging
 + Level 0.8 Shields


You had 3 spell levels left.
You didn't know any spells.
Your spell library was empty.

Dungeon Overview and Level Annotations

Branches:
Dungeon (3/15)

Altars:
Vehumet

Shops:
D:1 [

Annotations:
D:1 1 transporter
D:3 Sigmund


Innate Abilities, Weirdness & Mutations

You have a pair of horns on your head.
You reflexively headbutt those who attack you in melee.


Message History

You reach to attack!
You puncture Sigmund!
Sigmund is moderately wounded.
Sigmund barely misses you.
You reach to attack!
You barely miss Sigmund.
Sigmund is moderately wounded.
Sigmund gestures wildly while chanting.
Sigmund flickers and vanishes!
Deactivating autopickup; reactivate with Ctrl-A.
No target in view!
Reach: a) +0 spear
Press: ? - help, Dir - move target You reach to attack!
You hit something. Something hits you!
Aiming: Throw Flame
Press: ? - help, Shift-Dir - straight line The puff of flame hits something.
You hear some strange, mumbled words.
You are confused.
Something hits you.
You hear some strange, mumbled words.
A magic dart appears from out of thin air!
The magic dart hits you. Something hits you.
You're too confused to move!
You feel less confused. Something hits you!
You closely miss something. Something hits you.
You hit something. You miss something. Your headbutt misses something.
Something hits you but does no damage.
You miss something. You block something's attack.
You miss something. Something hits you.
* * * LOW HITPOINT WARNING * * *
You barely miss something. Your headbutt misses something. Something hits you!
* * * LOW HITPOINT WARNING * * *
A puff of flame appears from out of thin air!
The puff of flame hits you.
* * * LOW HITPOINT WARNING * * *
A magic dart appears from out of thin air!
The magic dart hits you!
You die...

#........†# ###...#
#.........##......#
#.........#....##.#
#...............#.#
..#...............###
#.#...............#
#.#.[.............###
#.#....[............#
#.......#.##....@...#
#.######..##......###
..######(###.......#
.#..)..:...........#
..>##....###{......#####.
.####.##.................
.........###.......#####
...#..#### #.......#
...#.... ..........#


There were no monsters in sight!

Vanquished Creatures
  Jessica (D:2)
  A gnoll (D:1)
  2 adders
  3 dart slugs (D:1)
  3 orcs (D:3)
  3 endoplasms
  2 giant cockroaches
  4 goblins
  5 hobgoblins
  4 jackals (D:3)
  4 kobolds
  3 quokkas (D:2)
  A ball python (D:1)
  A bat (D:3)
  2 frilled lizards
  3 rats (D:1)
42 creatures vanquished.

Notes
Turn   | Place    | Note
-------+----------+-------------------------------------------
     0 | D:1      | Kranky the Minotaur Berserker began the quest for the Orb.
     0 | D:1      | Reached XP level 1. HP: 19/19 MP: 0/0
    30 | D:1      | Found Sivean's Antique Armour Shoppe.
   321 | D:1      | HP: 1/20 [gnoll/+0 spear (7)]
   323 | D:1      | Reached XP level 2. HP: 2/27 MP: 1/1
   609 | D:1      | Reached XP level 3. HP: 33/33 MP: 2/2
  1169 | D:2      | Noticed Jessica
  1175 | D:2      | Killed Jessica
  1331 | D:2      | Reached XP level 4. HP: 41/41 MP: 3/3
  2134 | D:3      | Noticed Sigmund
  2155 | D:3      | Reached ** piety under Trog
  2305 | D:3      | Found a radiant altar of Vehumet.
  2346 | D:3      | HP: 1/41 [something/puff of flame (3)]
  2347 | D:3      | Killed from afar by Sigmund

Illustrated notes

Levels and vault maps discovered:
D:1:      spicycebolla_arrival_risky_transporter, layout_basic, serial_shops,
          nicolae_shop_tiny_statue_garden, nicolae_hexahallways,
          minmay_split_cup_large
D:2:      layout_basic, serial_forest, infiniplex_forest_lined_corner,
          infiniplex_forest_clump_long, infiniplex_forest_clump_double,
          infiniplex_forest_straight_2, infiniplex_forest_clump_curved,
          infiniplex_forest_clump_small, kennysheep_jessica_study
D:3:      minmay_spotlight, layout_rooms, grunt_temple_overflow_holy_war,
          vehumet_altar_wand_db, shapermc_ecumenical_altar_ellora, serial_shops,
          nicolae_shop_pleasant_corner_grove, uniq_sigmund

Skill      XL: |  1  2  3 |
---------------+----------+-----
Polearms       | 4 |  4.5
Fighting       | 4 |  4.5
Armour         | 3 |  3.5
Dodging        | 3 |  3.1
Shields        | |  0.8

Action                     |  1- 3 |  4- 6 || total
---------------------------+-------+-------++-------
  Melee: Spear             |    73 |    49 ||   122
         Headbutt          |     7 |     4 ||    11
  Throw: Dart              |       |     2 ||     2
  Evoke: Wand              |       |     1 ||     1
   Stab: Sleeping          |     1 |       ||     1
 Armour: Animal skin       |     1 |       ||     1
         Scale mail        |    12 |    13 ||    25
  Dodge: Dodged            |    15 |    12 ||    27
  Block: Tower shield      |     6 |    12 ||    18
